 Dungeon Crawl Stone Soup version 0.31.0-11-ge490571c62 (webtiles) character file.

Game seed: 17262537912813182139

187 Gadfly the Insei (level 5, -1/41 HPs)
             Began as a Demonspawn Monk on Feb 2, 2024.
             Slain by a gnoll
             ... wielding a +0 spear
              (5 damage)
             ... on level 4 of the Dungeon.
             The game lasted 00:03:23 (2058 turns).

Gadfly the Insei (Demonspawn Monk)                  Turns: 2058, Time: 00:03:24

Health: -1/41      AC:  7    Str: 14    XL:     5   Next: 39%
Magic:  5/5        EV: 12    Int: 10    God:
Gold:   183        SH:  0    Dex: 15    Spells: 4/4 levels left

rFire   . .          .
                       - Unarmed
rCold   . . .        (no shield)
rNeg    . . .        n - +3 leather armour
rPois   .            e - +0 helmet
rElec   .            (no cloak)
rCorr   .            (no gloves)
SInv    .            (no boots)
Will    .....        (no amulet)
Stlth   +            (no ring)
HPRegen 0.26/turn    (no ring)
MPRegen 0.09/turn

%: no passive effects
@: no status effects
A: spiny 1, demonic touch 2
a: no special abilities


You were on level 4 of the Dungeon.
You visited 1 branch of the dungeon, and saw 4 of its levels.

You collected 183 gold pieces.

Inventory:

Hand Weapons
 b - a +1 falchion of flaming
Armour
 c - an orb of light
 e - a +0 helmet (worn)
 n - a +3 leather armour (worn)
Scrolls
 o - a scroll of enchant weapon
Potions
 d - a potion of heal wounds
 f - a potion of berserk rage
 h - a potion of brilliance {unknown}
 i - a potion of ambrosia
 j - a potion of curing
 l - a potion of attraction
 m - a potion of lignification {unknown}


   Skills:
 - Level 3.0 Fighting
 + Level 3.3 Dodging
 * Level 3.7 Unarmed Combat
 * Level 2.6 Evocations
 * Level 2.0 Shapeshifting


You had 4 spell levels left.
You didn't know any spells.
Your spell library contained the following spells:

 Spells                   Type           Power      Damage    Failure   Level
 Cigotuvi's Dreadful Rot  Necr/Alch/Air  0%         N/A       58%         2
 Dispel Undead            Necr           0%         3d6       99%         4
 Martyr's Knell           Necr/Summ      0%         N/A       99%         4
 Death Channel            Necr           0%         N/A       100%        6


Dungeon Overview and Level Annotations

Branches:
Dungeon (4/15)
 Temple: D:4-7

Altars:
Ashenzari
Gozag
Makhleb
Yredelemnul

Shops:
D:3 *


Innate Abilities, Weirdness & Mutations

You are partially covered in sharp spines.
Your touch may inflict irresistible damage on your foes.


Message History

An orc comes into view. It is wielding a +0 flail.
You closely miss something.
The orc priest shouts!
The orc shouts!
The orc priest calls upon Beogh to heal the orc.
The orc's wounds heal themselves!
The gnoll completely misses you. Something hits you but does no damage.
An orc comes into view. It is wielding a +0 club.
The orc shouts!
The gnoll is struck by your spines. The gnoll closely misses you.
The gnoll hits you with a +0 spear.
Things that are here:
a +0 falchion; a +0 ring mail; an orc corpse You hit the gnoll.
You touch the gnoll.
You kill the gnoll!
The gnoll barely misses you.
You hit the gnoll but do no damage.
You touch the gnoll!
The gnoll is severely wounded.
The gnoll is struck by your spines. The gnoll misses you.
The gnoll barely misses you.
You hit the gnoll.
The gnoll is severely wounded.
The gnoll is struck by your spines. The gnoll hits you with a +0 flail!
The gnoll is struck by your spines. The gnoll hits you with a +0 spear.
You are too injured to fight recklessly!
You are too injured to fight recklessly!
You are too injured to fight recklessly!
You are too injured to fight recklessly!
Unknown command.
Something completely misses you. The gnoll attacks as it pursues you!
The gnoll is struck by your spines. The gnoll hits you with a +0 flail.
* * * LOW HITPOINT WARNING * * *
The gnoll closely misses you.
There is a stone staircase leading up, spattered with blood here.
Okay, then.
Something hits you.
* * * LOW HITPOINT WARNING * * *
The gnoll is struck by your spines. The gnoll hits you with a +0 flail.
* * * LOW HITPOINT WARNING * * *
The gnoll hits you from afar with a +0 spear.
You die...

. ##. #.. #.#
######.##
#.......#
#......[#########
#...$...ggo.o....
#......@#oo......
########)o)......
#oo.......
#.........
#...<.....
#.........
##........
##....... ####..#


You could see an orc priest, 2 gnolls and 4 orcs.

Vanquished Creatures
  An orc wizard (D:4)
  A hound zombie (D:3)
  5 gnolls
  2 adders
  2 dart slugs
  A ribbon worm (D:3)
  5 orcs
  5 endoplasms
  3 giant cockroaches
  4 goblins
  6 hobgoblins
  6 jackals (D:1)
  2 kobolds (D:1)
  4 quokkas
  7 ball pythons
  3 bats
  4 frilled lizards
  A giant cockroach zombie (D:3)
  2 quokka zombies (D:3)
  8 rats
72 creatures vanquished.

Notes
Turn   | Place    | Note
-------+----------+-------------------------------------------
     0 | D:1      | Gadfly the Demonspawn Monk began the quest for the Orb.
     0 | D:1      | Reached XP level 1. HP: 18/18 MP: 1/1
    37 | D:1      | Gained mutation: Your touch may inflict minor irresistible
                  | damage on your foes. [demonic ancestry]
    37 | D:1      | Reached XP level 2. HP: 24/24 MP: 2/2
   207 | D:1      | Reached skill level 1 in Evocations
   217 | D:1      | Reached skill level 1 in Shapeshifting
   224 | D:1      | Gained mutation: Your touch may inflict irresistible damage
                  | on your foes. [demonic ancestry]
   224 | D:1      | Reached XP level 3. HP: 26/29 MP: 3/3
   465 | D:1      | Found a faded altar of an unknown god.
   801 | D:2      | Found a burning altar of Makhleb.
  1020 | D:2      | You fall into a shaft and drop 1 floor!
  1073 | D:3      | Reached XP level 4. HP: 19/35 MP: 4/4
  1209 | D:3      | Found a basalt altar of Yredelemnul.
  1309 | D:3      | Found an opulent altar of Gozag.
  1628 | D:3      | Gained mutation: You are partially covered in sharp spines.
                  | [demonic ancestry]
  1628 | D:3      | Reached XP level 5. HP: 25/41 MP: 5/5
  1698 | D:3      | Found a broken altar of Ashenzari.
  1903 | D:3      | Found Gozag's Platinum Reserve.
  2058 | D:4      | Slain by a gnoll

Illustrated notes

Levels and vault maps discovered:
D:1:      scummos_arrival_simple_fountains, layout_rooms,
          hellmonk_ecumenical_altar_heavens_door, st_stairs_10,
          corexii_hall_statues_l, minmay_crystal_room
D:2:      layout_basic, basic_altar, minmay_misc_feat_iff
D:3:      layout_loops_cross, ashenzari_conservatory_becter,
          nicolae_yredelemnul_corpse_copse, nicolae_gozag_zags_fifth_avenue,
          minmay_gold_behind_fungi, nrook_mini_vaults,
          chequers_serial_rivers_micro_b, grunt_ministairs_2
D:4:      layout_rooms, serial_shops, kennysheep_mini, guppyfry_shop_venom

Skill      XL: |  1  2  3  4  5 |
---------------+----------------+-----
Unarmed Combat | 3 |  3.7
Evocations     | 1 2 |  2.6
Shapeshifting  | 1 2 |  2.0
Dodging        | 3 |  3.3
Fighting       | |  3.0

Action                     |  1- 3 |  4- 6 || total
---------------------------+-------+-------++-------
  Melee: Unarmed           |    85 |    70 ||   155
         Touch             |    13 |    22 ||    35
         Punch             |     1 |       ||     1
         Falchion          |    13 |       ||    13
    Use: Potion            |     3 |       ||     3
         Scroll            |     1 |     6 ||     7
   Stab: Sleeping          |     2 |     1 ||     3
 Armour: Robe              |    46 |     7 ||    53
         Leather armour    |       |    42 ||    42
  Dodge: Dodged            |    76 |    40 ||   116
